 Dungeon Crawl Stone Soup version 0.30-a0-121-gb27577e5d9 (webtiles) character file.

Game seed: 6822825050007140645

1794 ragingrage the Covert (level 9, -4/48 HPs)
             Began as a Kobold Brigand on Sept 14, 2022.
             Slain by a sky beast (6 damage)
             ... on level 7 of the Dungeon.
             The game lasted 00:06:10 (7648 turns).

ragingrage the Covert (Kobold Brigand)              Turns: 7648, Time: 00:06:11

Health: -4/48      AC:  4    Str:  8    XL:     9   Next: 30%
Magic:  9/9        EV: 14    Int: 12    God:
Gold:   266        SH:  0    Dex: 21    Spells: 8/8 levels left

rFire   . . .      SeeInvis .    h - +1 dagger (speed)
rCold   + . .      Faith    .    (no shield)
rNeg    . . .      Spirit   .    b - +0 robe
rPois   .          Reflect  .    (no helmet)
rElec   .          Harm     .    a - +1 cloak
rCorr   .          Rampage  .    (no gloves)
Will    .....                    (no boots)
Stlth   ++++++....               (no amulet)
HPRegen 0.16/turn                l - ring of protection from cold
MPRegen 0.11/turn                (no ring)

@: attractive, flying
A: small, no large weapons, nightstalker 3
a: no special abilities


You were on level 7 of the Dungeon.
You visited 2 branches of the dungeon, and saw 8 of its levels.

You collected 266 gold pieces.

Inventory:

Hand Weapons
 h - a +1 dagger of speed (weapon)
 v - a +5 dagger
 x - a +1 dagger of freezing
Missiles
 d - 16 poisoned darts (quivered)
 e - 3 curare-tipped darts
 p - 6 atropa-tipped darts
Armour
 a - a +1 cloak (worn)
 b - a +0 robe (worn)
Jewellery
 l - a ring of protection from cold (left hand)
Wands
 i - a wand of flame (36)
 u - a wand of iceblast (10)
Scrolls
 f - 4 scrolls of identify
 j - 3 scrolls of noise
 m - a scroll of magic mapping
 w - a scroll of teleportation
Potions
 c - a potion of invisibility {unknown}
 g - a potion of heal wounds {unknown}
 k - a potion of flight
 n - 2 potions of ambrosia {unknown}
 q - 2 potions of attraction
 r - 2 potions of degeneration {unknown}
 s - 3 potions of curing {unknown}
 t - 5 potions of might {unknown}


   Skills:
 - Level 2.1 Fighting
 + Level 9.8 Short Blades
 - Level 6.0 Throwing
 - Level 1.2 Dodging
 + Level 11.5 Stealth


You had 8 spell levels left.
You didn't know any spells.
Your spell library was empty.

Dungeon Overview and Level Annotations

Branches:
Dungeon (7/15)             Temple (1/1) D:5

Altars:
Ashenzari
Cheibriados
Dithmenos
Elyvilon
Gozag
Hepliaklqana
Kikubaaqudgha
Okawaru
Trog
Uskayaw
Vehumet
Xom
Yredelemnul
Zin
The Shining One

Portals:
Bailey: D:7


Innate Abilities, Weirdness & Mutations

You are small and have problems with some larger weapons.
You are completely attuned to the shadows.


Message History

You barely miss the sky beast.
The sky beast is lightly wounded.
The sky beast closely misses you.
Aiming: Throw Flame
Press: ? - help, Shift-Dir - straight line, f - sky beast
Aim: a sky beast (lightly wounded, 56% to hit)
The puff of flame hits the sky beast.
The sky beast is moderately wounded.
The sky beast hits you. The sky beast shocks you.
You barely miss the sky beast.
The sky beast is moderately wounded.
The goblin closely misses you.
The sky beast flickers out of sight!
Deactivating autopickup; reactivate with Ctrl-A.
Something hits you. Something shocks you. Something hits you.
Something shocks you.
* * * LOW HITPOINT WARNING * * *
Aiming: Iceblast
Press: ? - help, Shift-Dir - straight line The mass of ice explodes!
The iceblast engulfs the goblin!
You kill the goblin!
The iceblast engulfs something!
A scorpion comes into view.
Something hits you but does no damage.
Unknown command.
Unknown command.
Found a long sword.
Something hits you.
* * * LOW HITPOINT WARNING * * *
Something shocks you.
* * * LOW HITPOINT WARNING * * *
It was a potion of attraction.
You feel attractive to monsters. The goblin closely misses you.
Something hits you but does no damage. The goblin is attracted toward you.
The scorpion is attracted toward you.
Unknown command.
It was a potion of flight.
You feel very buoyant.
You fly up into the air.
The goblin completely misses you. Something hits you.
* * * LOW HITPOINT WARNING * * *
Something shocks you.
You die...

........~..+
#..........#
#.~~~≈~~~.#
.~#####~.#
.~#...#~.#).....
#.∩.g~.#......
#...#g.#......
#####≈.#......
~~≈~.#g@....
....)g......
...#...s....
...#.#)..§..
......>.###.
.#.##..


You could see a scorpion (wandering) and 2 goblins.

Vanquished Creatures
  Pikel (D:4)
  Prince Ribbit (D:5)
  Sigmund (D:2)
  A water moccasin (D:6)
  A sky beast (D:7)
  A phantom (D:5)
  2 necrophages (D:4)
  A scorpion (D:6)
  2 bullfrogs (D:6)
  A hound (D:6)
  An orc priest (D:6)
  Terence (D:2)
  2 iguanas
  An orc wizard (D:5)
  10 adders
  5 gnolls
  A shadow imp (D:6)
  An ufetubus (D:4)
  A worm (D:5)
  3 dart slugs
  12 orcs
  6 ball pythons
  9 bats
  3 endoplasms
  2 giant cockroaches
  12 goblins
  5 hobgoblins
  6 jackals
  5 quokkas
  2 frilled lizards
  9 kobolds
  4 rats
113 creatures vanquished.

Notes
Turn   | Place    | Note
-------+----------+-------------------------------------------
     0 | D:1      | ragingrage the Kobold Brigand began the quest for the Orb.
     0 | D:1      | Reached XP level 1. HP: 12/12 MP: 1/1
    43 | D:1      | Reached XP level 2. HP: 17/17 MP: 2/2
   309 | D:1      | Reached XP level 3. HP: 21/21 MP: 3/3
   862 | D:2      | Reached skill level 6 in Stealth
   977 | D:2      | Noticed Sigmund
   981 | D:2      | Killed Sigmund
   982 | D:2      | Reached skill level 7 in Stealth
   982 | D:2      | Reached XP level 4. HP: 26/26 MP: 4/4
   982 | D:2      | Reached XP level 5. HP: 30/30 MP: 5/5
   982 | D:2      | Reached XP level 6. HP: 35/35 MP: 6/6
  1098 | D:2      | Reached skill level 5 in Short Blades
  1412 | D:2      | Noticed Terence
  1418 | D:2      | Killed Terence
  2675 | D:4      | Reached XP level 7. HP: 40/40 MP: 7/7
  3562 | D:4      | Reached skill level 8 in Stealth
  3684 | D:4      | Reached skill level 5 in Throwing
  3956 | D:5      | Entered Level 5 of the Dungeon
  3957 | D:5      | Noticed Prince Ribbit
  3962 | D:5      | Killed Prince Ribbit
  3976 | D:5      | Noticed Pikel
  4010 | D:4      | Killed Pikel
  4011 | D:4      | Reached skill level 9 in Stealth
  4011 | D:4      | Reached XP level 8. HP: 28/44 MP: 8/8
  4578 | D:5      | Reached skill level 10 in Stealth
  5011 | D:5      | Found a staircase to the Ecumenical Temple.
  5016 | Temple   | Entered the Ecumenical Temple
  6490 | D:6      | Reached XP level 9. HP: 48/48 MP: 9/9
  6924 | D:6      | Reached skill level 11 in Stealth
  7624 | D:7      | Found a flagged portal.
  7646 | D:7      | HP: 2/48 [something (6)]
  7648 | D:7      | Slain by a sky beast

Illustrated notes

Levels and vault maps discovered:
D:1:      dpeg_arrival_pits, layout_basic, minmay_tetromino_l2
D:2:      layout_basic, uniq_sigmund, uniq_terence
D:3:      layout_loops_ring, minivault_19, st_stairs_5
D:4:      layout_basic
D:5:      layout_layer_cave, minmay_temple_entry_arrows, uniq_prince_ribbit1,
          uniq_pikel
D:6:      layout_basic
D:7:      layout_loops_corners, enter_bailey_3, serial_park_tiny_pond,
          nrook_mini_vaults
Temple:   hellmonk_temple_of_storms

Skill      XL: |  1  2  3  4  5  6  7  8  9 |
---------------+----------------------------+-----
Short Blades   | 3 4 5 7 9 |  9.8
Throwing       | 4 6 |  6.0
Stealth        | 7 9 10 11 | 11.5
Fighting       | |  2.1
Dodging        | |  1.2

Action                   |  1- 3 |  4- 6 |  7- 9 || total
-------------------------+-------+-------+-------++-------
Melee: Dagger            |    61 |    65 |   340 ||   466
       Punch             |       |       |     3 ||     3
Throw: Dart              |       |       |    14 ||    14
Evoke: Wand              |       |       |     4 ||     4
  Use: Scroll            |       |       |     9 ||     9
       Potion            |       |       |     2 ||     2
 Stab: Sleeping          |    17 |    23 |    13 ||    53
       Distracted        |       |       |     4 ||     4
Armor: Robe              |     5 |     5 |    35 ||    45
Dodge: Dodged            |    25 |    23 |   141 ||   189

Table legend: (Time is in decaauts)
 A = Elapsed time spent in this place.
 B = Non-inter-level travel time spent in this place.
 C = Inter-level travel time spent in this place.
 D = Time resting spent in this place.
 E = Time spent auto-exploring this place.
 F = Levels seen in this place.
 G = Mean time per level.
                   A        B        C        D        E       F      G
               +--------+--------+--------+--------+--------+-----+--------+
         Total |   7393 |   7156 |    237 |   1517 |   4655 |   8 |  924.1 |
       Dungeon |   7289 |   7084 |    205 |   1517 |   4625 |   7 | 1041.3 |
        Temple |    103 |     71 |     32 |      0 |     30 |   1 |  103.0 |
               +--------+--------+--------+--------+--------+-----+--------+

Top non-repeatable levels by time:
     D:5: 2119 daAuts
     D:4: 1629 daAuts
     D:3: 1059 daAuts
     D:1: 791 daAuts
     D:2: 759 daAuts
     D:6: 597 daAuts
     D:7: 333 daAuts
  Temple: 103 daAuts
